 Dungeon Crawl Stone Soup version 0.15.1-3-g1b33baa (webtiles) character file.

353 Johnny the Chiller (level 6, 0/50 HPs)
             Began as a Demigod Ice Elementalist on Oct 4, 2014.
             Slain by a hippogriff (4 damage)
             ... on Level 4 of the Dungeon.
             The game lasted 00:07:48 (3088 turns).

Johnny the Chiller (Demigod Ice Elementalist)       Turns: 3088, Time: 00:07:48

HP   0/50        AC  6     Str 10      XL: 6   Next: 12%
MP  13/15        EV 13     Int 23      God:
Gold 59          SH  0     Dex 14 (16) Spells:  2 memorised,  5 levels left

rFire  . . .     SeeInvis .     h - +0 dagger (venom)
rCold  . . .     Clarity  .     o - +0 robe {MR+}
rNeg   . . .     rCorr    .     (no shield)
rPois  .         rRot     .     k - +2 helmet
rElec  .         Spirit   .     (no cloak)
SustAb .         Warding  .     n - +0 pair of gloves (curse)
rMut   .         Stasis   .     (no boots)
Gourm  .                        j - cursed amulet of inaccuracy
MR     +....                    (no ring)
                                t - ring of invisibility

@: somewhat resistant to hostile enchantments, unstealthy
A: blurry vision 1, weak 1
a: Evoke Invisibility


You were on level 4 of the Dungeon.
You were very hungry.

You visited 1 branch of the dungeon, and saw 4 of its levels.

You collected 167 gold pieces.
You spent 108 gold pieces at shops.

Inventory:

Hand weapons
 e - a +0 dagger
 h - a +0 dagger of venom (weapon)
Armour
 k - a +2 helmet (worn)
 n - a cursed +0 pair of gloves (worn)
 o - a +0 robe of magic resistance (worn)
Magical devices
 g - a wand of magic darts (12)
Comestibles
 c - 2 bread rations
 d - 2 meat rations
Scrolls
 a - a scroll of remove curse {unknown}
 f - a scroll of fog
 m - a scroll of teleportation
 p - a scroll of recharging
 q - a scroll of enchant armour
Jewellery
 i - a cursed ring of teleportation
 j - a cursed amulet of inaccuracy (around neck)
 t - a ring of invisibility (left hand)
Books
 b - a book of Frost

   Spells                             Type                      Level
   *Freeze                            Ice                          1
   Throw Frost                        Conjuration/Ice              2
   Ozocubu's Armour                   Charms/Ice                   3
   Throw Icicle                       Conjuration/Ice              4
   *Summon Ice Beast                  Ice/Summoning                4
   Condensation Shield                Ice                          4
 l - a book of the Earth

   Spells                             Type                      Level
   Leda's Liquefaction                Hexes/Earth                  4
   Bolt of Magma                      Conjuration/Fire/Earth       5
   Statue Form                        Transmutation/Earth          6
   Iron Shot                          Conjuration/Earth            6
   Shatter                            Earth                        9


   Skills:
 * Level 2.6 Fighting
 + Level 1.7 Armour
 + Level 2.4 Dodging
 + Level 2.7 Stealth
 * Level 2.9 Spellcasting
   Level 0.8 Conjurations
 * Level 1.3 Summonings
 * Level 3.4 Ice Magic


You had 5 spell levels left.
You knew the following spells:

 Your Spells              Type           Power        Failure   Level  Hunger
a - Freeze                Ice            ###.         2%          1    None
b - Summon Ice Beast      Ice/Summ       ##......     45%         4    ####...


Dungeon Overview and Level Annotations

Branches:
Dungeon (4/15)
 Temple: D:4-7

Shops:
D:4 *


Innate Abilities, Weirdness & Mutations

Your vision is a little blurry.
You are weak. (Str -2)


Message History

You freeze the hippogriff.
The hippogriff is heavily wounded.
The hippogriff closely misses you. The hippogriff pecks you.
The hippogriff claws you.
* * * LOW HITPOINT WARNING * * *
Casting: Freeze
Confirm with . or Enter, or press ? or * to list all spells.
Aiming: Freeze
Press: ? - help, Shift-Dir - straight line, f/p - hippogriff
Aim: a hippogriff (heavily wounded)
You freeze the hippogriff.
The hippogriff is heavily wounded.
The hippogriff bites you.
* * * LOW HITPOINT WARNING * * *
The hippogriff pecks you.
* * * LOW HITPOINT WARNING * * *
The hippogriff closely misses you.
Found 8 gold pieces.
The hippogriff bites you.
You die...

##....##
#...##..# ##...#
##...##..# #....#
#....#...#
#....## #.......#
. #....#
###<......## ..#
#.P..#
#.<........#...#
#...##
#......$......#
##.##
#......H......###
#
#.......@........
#...##...........
#####....#####..
#....## #.....#
#...##.# .## #..
##. .


You could see a hippogriff.

Vanquished Creatures
  The ghost of Johnny the Chiller, an average DgIE (D:3)
  An ogre (D:4)
  A quasit (D:3)
  Jessica (D:3)
  4 adders
  4 gnolls (D:4)
  A giant mite (D:3)
  A worm (D:2)
  3 giant geckos
  5 giant cockroaches
  5 hobgoblins
  9 kobolds
  7 bats
  5 giant newts
  8 goblins
  2 quokkas
  6 rats
64 creatures vanquished.

Notes
Turn   | Place    | Note
--------------------------------------------------------------
     0 | D:1      | Johnny, the Demigod Ice Elementalist, began the quest for the Orb.
     0 | D:1      | Reached XP level 1. HP: 14/14 MP: 3/3
   178 | D:1      | Reached skill level 1 in Fighting
   325 | D:1      | Reached XP level 2. HP: 17/23 MP: 0/4
  1062 | D:2      | Reached XP level 3. HP: 7/28 MP: 8/8
  1376 | D:2      | Reached skill level 3 in Ice Magic
  1744 | D:2      | Reached skill level 1 in Armour
  1814 | D:3      | Noticed Jessica
  1828 | D:3      | Noticed Johnny's ghost (average DgIE)
  1831 | D:3      | Killed Jessica
  1831 | D:3      | Reached XP level 4. HP: 13/36 MP: 7/10
  1937 | D:3      | Gained mutation: Your vision is a little blurry. [potion of mutation]
  1937 | D:3      | Gained mutation: You are weak. (Str -2) [potion of mutation]
  1946 | D:3      | Killed Johnny's ghost
  1946 | D:3      | Reached XP level 5. HP: 19/42 MP: 2/12
  2069 | D:3      | Found a shadowy altar of Dithmenos.
  2150 | D:3      | Learned a level 4 spell: Summon Ice Beast
  2441 | D:4      | Reached skill level 1 in Summonings
  2589 | D:4      | Found Noucvyra's Assorted Antiques.
  2595 | D:4      | Bought a shiny helmet for 108 gold pieces
  2667 | D:4      | Noticed an ogre
  2677 | D:4      | Killed an ogre
  2677 | D:4      | Reached XP level 6. HP: 30/50 MP: 8/15
  2763 | D:4      | Noticed a hippogriff
  3088 | D:4      | Slain by a hippogriff

Action                   |  1- 3 |  4- 6 || total
-------------------------+-------+-------++-------
Melee: Unarmed           |     8 |       ||     8
       Dagger            |    92 |    71 ||   163
 Cast: Freeze            |    26 |    41 ||    67
  Use: Scroll            |     1 |     6 ||     7
       Potion            |       |     8 ||     8
 Stab: Sleeping          |     4 |     1 ||     5
  Eat: Chunk             |     3 |     3 ||     6
